 Dungeon Crawl Stone Soup version 0.31.0-4-g52a2dc7128 (webtiles) character file.

Game seed: 17003937707047461434

1304 Malachi the Grappler (level 8, -12/72 HPs)
             Began as a Troll Shapeshifter on Jan 22, 2024.
             Shot with an arrow by a centaur (13 damage)
             ... on level 6 of the Dungeon on Jan 23, 2024.
             The game lasted 00:05:37 (3719 turns).

Malachi the Grappler (Troll Shapeshifter)           Turns: 3719, Time: 00:05:39

Health: -12/72     AC:  0    Str: 30 (32) XL:     8   Next: 31%
Magic:  7/7        EV:  9    Int:  5 (6)  God:
Gold:   300        SH:  5    Dex:  8 (9)  Spells: 7/7 levels left

rFire   . .          .
                       - Unarmed
rCold   . . .        (no shield)
rNeg    . . .        a - +0 animal skin
rPois   +            (helmet currently unavailable)
rElec   .            (cloak currently unavailable)
rCorr   .            (gloves unavailable)
SInv    .            (boots unavailable)
Will    .....        e - amulet "Ifoi" {Reflect *Corrode rPois Str+3 SH+5}
Stlth   +            g - +6 ring of strength
HPRegen 1.12/turn    x - ring of poison resistance
MPRegen 0.10/turn

%: corrode self (3%), reflection
@: on fire, beast-form, corroded, glowing
A: beast (slay +2), large, unfitting armour, claws 3, regeneration 1, shaggy fur
1, tough skin 1, mutation resistance 1, weak 1
a: Begin Untransformation


You were on level 6 of the Dungeon.
You were a hulking beast.
You visited 2 branches of the dungeon, and saw 7 of its levels.

You collected 300 gold pieces.

Inventory:

Hand Weapons
 C - the +8 mace of the Boiling Point {vamp, *Slow rPois rC+ Will+++}
   (You found it on level 5 of the Dungeon)

   rC+:       It protects you from cold.
   rPois:     It protects you from poison Will+++: It greatly increases your
   willpower.
   *Slow:     It may slow you when you take damage.
Armour
 a - a +0 animal skin (worn)
Jewellery
 e - the amulet "Ifoi" (around neck) {Reflect *Corrode rPois Str+3 SH+5}
   (You found it on level 5 of the Dungeon)

   [amulet of reflection]

   Reflect:   It reflects blocked missile attacks.
   Str+3:     It affects your strength (+3).
   rPois:     It protects you from poison *Corrode: It may corrode you when you
   take damage.
   SH+5:      It affects your SH (+5).
 g - a +6 ring of strength (left claw)
 x - a ring of poison resistance (right claw)
 y - an amulet of the acrobat
Talismans
 c - a beast talisman
 d - a flux talisman
Wands
 w - a wand of light (8)
 A - a wand of paralysis (1)
Scrolls
 i - a scroll of enchant armour
 j - a scroll of butterflies
 k - a scroll of enchant weapon
 m - a scroll of poison
 n - 2 scrolls of blinking
 o - a scroll of noise
 r - a scroll of teleportation
 t - 2 scrolls of revelation
 u - a scroll of vulnerability
Potions
 b - 3 potions of lignification
 l - a potion of curing
 s - a potion of invisibility


   Skills:
 + Level 2.0 Fighting
 - Level 1.5 Dodging
 + Level 2.1 Stealth
 + Level 8.7 Unarmed Combat
 + Level 4.7 Shapeshifting


You had 7 spell levels left.
You didn't know any spells.
Your spell library contained the following spells:

 Spells                   Type           Power      Damage    Failure   Level
 Dazzling Flash           Conj/Hex       0%         N/A       85%         3
 Inner Flame              Hex/Fire       0%         N/A       85%         3
 Volatile Blastmotes      Fire/Tloc      0%         2d10      85%         3
 Flame Wave               Conj/Fire      0%         2d4       99%         4
 Fulminant Prism          Conj/Alch      0%         3d5       99%         4
 Sticky Flame             Fire/Alch      0%         2d4       99%         4
 Starburst                Conj/Fire      0%         6d3       100%        6
 Disjunction              Tloc           0%         N/A       100%        8
 Maxwell's Capacitive Co  Air            0%         ∞         100%        8


Dungeon Overview and Level Annotations

Branches:
Dungeon (6/15)             Temple (1/1) D:5

Altars:
Cheibriados
Elyvilon
Fedhas
Gozag
Hepliaklqana
Kikubaaqudgha
Makhleb
Nemelex Xobeh
Qazlal
Trog
Uskayaw
Vehumet
Wu Jian
Xom
Yredelemnul
Zin
The Shining One

Shops:
D:5 *


Innate Abilities, Weirdness & Mutations

You are a hulking beast.
Your limbs bulge with bestial killing power. (Slay +2)
You are too large for most types of armour.
You have claws for hands.
Your natural rate of healing is unusually fast.
You are covered in fur. (AC +1)
You have tough skin. (AC +1)
You are somewhat resistant to further mutation.
You are weak. (Str -2)


Message History

Done exploring.
Done exploring.
Done exploring.
No target in view!
There is a stone staircase leading down here.
You climb downwards.
Found a potion of curing.
There is a stone staircase leading up here.
Unknown command.
A centaur comes into view.
The centaur shouts!
The centaur wields a +0 orcbow.
The centaur shoots an arrow.
You block the arrow with an invisible shield... and reflect it back!
The arrow hits the centaur!
You see here a potion of curing.
A centaur is nearby!
A centaur is nearby!
A centaur is nearby!
A scorpion comes into view.
A bombardier beetle comes into view.
Found 6 stones.
The centaur shoots an arrow.
The arrow hits you!
Your corrosive artefact corrodes you!
A hound comes into view.
The centaur shoots an arrow.
The arrow hits you!
The hound barks!
The centaur shoots an arrow.
The arrow hits you!
The centaur shoots an arrow.
The arrow hits you!
The centaur shoots an arrow.
The arrow hits you!
* * * LOW HITPOINT WARNING * * *
Unknown command.
The bombardier beetle sprays incendiary fluid at you.
The burning spray hits you.
You are covered in liquid fire!
You shake off some of the fire as you move.
The liquid fire burns you!
* * * LOW HITPOINT WARNING * * *
The centaur shoots an arrow.
The arrow hits you!
* * * LOW HITPOINT WARNING * * *
The centaur shoots an arrow.
The arrow hits you!
You die...

.......####
#.....(..#..
#.. .......##
##... .......
..... .cB.#
#..###..###
####.........#
.............#
#..##.h.....#
.#.###.......#
...........!.#
.............#
.............#
.#####.......#
#<......#
#...#..#####
###.......


You could see a centaur and a bombardier beetle.

Vanquished Creatures
  Grinder (D:3)
  Eustachio (D:5)
  2 phantoms (D:4)
  A gnoll sergeant (D:5)
  2 scorpions
  2 bombardier beetles (D:5)
  2 hounds
  An orc priest (D:5)
  A jelly (D:5)
  4 orc wizards
  2 iguanas
  11 gnolls
  10 adders
  5 dart slugs
  2 ribbon worms
  7 orcs
  6 endoplasms
  4 giant cockroaches
  3 goblins
  4 hobgoblins (D:1)
  3 kobolds
  4 quokkas
  5 ball pythons
  6 bats
  7 frilled lizards
  22 rats
118 creatures vanquished.

Notes
Turn   | Place    | Note
-------+----------+-------------------------------------------
     0 | D:1      | Malachi the Troll Shapeshifter began the quest for the Orb.
     0 | D:1      | Reached XP level 1. HP: 18/18 MP: 0/0
   230 | D:1      | Reached XP level 2. HP: 26/26 MP: 1/1
   933 | D:2      | Reached XP level 3. HP: 27/32 MP: 2/2
  1000 | D:2      | Reached skill level 4 in Unarmed Combat
  1321 | D:2      | Reached XP level 4. HP: 40/40 MP: 3/3
  1616 | D:3      | Noticed Grinder
  1625 | D:3      | Killed Grinder
  1626 | D:3      | Reached skill level 1 in Fighting
  1626 | D:3      | Reached skill level 5 in Unarmed Combat
  1626 | D:3      | Reached XP level 5. HP: 34/48 MP: 4/4
  1626 | D:3      | Reached XP level 6. HP: 39/55 MP: 5/5
  1667 | D:3      | Found a snail-covered altar of Cheibriados.
  1839 | D:3      | Reached skill level 6 in Unarmed Combat
  1967 | D:3      | Noticed an eye of devastation
  1973 | D:3      | Noticed a glass eye
  1976 | D:3      | Found a faded altar of an unknown god.
  1977 | D:3      | Noticed a great orb of eyes
  1977 | D:3      | Noticed a glass eye
  2222 | D:4      | Reached XP level 7. HP: 62/62 MP: 6/6
  2223 | D:4      | Reached skill level 7 in Unarmed Combat
  2245 | D:4      | Found a hazy altar of Hepliaklqana.
  2912 | D:5      | Entered Level 5 of the Dungeon
  2924 | D:5      | Reached skill level 1 in Stealth
  2948 | D:5      | Reached skill level 8 in Unarmed Combat
  3253 | D:5      | Reached XP level 8. HP: 69/72 MP: 7/7
  3344 | D:5      | Noticed Eustachio
  3352 | D:5      | Killed Eustachio
  3416 | D:5      | Found a staircase to the Ecumenical Temple.
  3434 | D:5      | Identified the +8 mace of the Boiling Point {vamp, *Slow
                  | rPois rC+ Will+++}
  3444 | Temple   | Entered the Ecumenical Temple
  3458 | D:5      | Found Maser's Assorted Antiques.
  3463 | D:5      | Identified the +4 whip "Juzi" {venom, rF++ Will- Str+4}
  3469 | D:5      | Gained mutation: You are somewhat resistant to further
                  | mutation. [potion of mutation]
  3469 | D:5      | Gained mutation: You are weak. (Str -2) [potion of
                  | mutation]
  3518 | D:5      | Got the Commentary on Non-Euclidean Transfiguration
  3610 | D:5      | Identified the amulet "Ifoi" {Reflect *Corrode rPois Str+3
                  | SH+5}
  3719 | D:6      | HP: 1/72 [centaur/arrow (8)]
  3719 | D:6      | Shot with an arrow by a centaur

Illustrated notes

Levels and vault maps discovered:
D:1:      wander_arrival_peaceful_grave, layout_basic, kennysheep_small_spiral
D:2:      layout_loops_ring, columned_hall_lemuel, minmay_rat_hole
D:3:      layout_rooms, mainiacjoe_overflow_boulevard,
          hellmonk_ecumenical_altar_watching_god, uniq_grinder
D:4:      layout_loops_ring, nzn_hepliaklqana_mist_gate, minmay_fountain_box,
          grunt_ministairs_14
D:5:      layout_loops_ring, minmay_temple_entry_sparse_star, serial_shops,
          nicolae_shop_stone, eino_tiny_chamber, uniq_eustachio
D:6:      layout_rooms, amcnicky_altar_gilded
Temple:   nicolae_temple_no_exploring_needed

Skill      XL: |  1  2  3  4  5  6  7  8 |
---------------+-------------------------+-----
Unarmed Combat | 4 5 6 8 |  8.7
Fighting       | 1 2 |  2.0
Shapeshifting  | 4 |  4.7
Stealth        | 1 2 |  2.1
Dodging        | |  1.5

Action                     |  1- 3 |  4- 6 |  7- 9 || total
---------------------------+-------+-------+-------++-------
  Melee: Unarmed           |    77 |    92 |    90 ||   259
         Punch             |       |     2 |     2 ||     4
  Evoke: Wand              |       |       |     1 ||     1
    Use: Scroll            |       |       |    11 ||    11
         Potion            |       |       |    10 ||    10
   Stab: Sleeping          |     1 |       |     2 ||     3
         Invisible         |       |       |     3 ||     3
 Armour: Animal skin       |    55 |    50 |    74 ||   179
  Dodge: Dodged            |    41 |    29 |    26 ||    96
  Block: Other             |       |       |     1 ||     1
         Reflection        |       |       |     1 ||     1
